Cogmind - Beta 14 @@@ ROGUE MODE // 2024.08.30 @ 20:21:14 Player: VR-DUX Result: Destroyed by G-34 Mercenary with Small Laser Performance ------------- Evolutions (1) 500 Regions Visited (4) 800 Robots Destroyed (74) 370 Value Destroyed (1479) 1479 Prototype IDs (1) 20 Alien Tech Used (0) 0 Bonus (38) 38 TOTAL SCORE: 3207 Bonus ------- High Alert Combat Kills 13 Follower Combat Kills 25 Cogmind --------- Core Integrity 0/400 Matter 183/300 Energy 140/140 System Corruption 0% Temperature Cool (6) Movement Treading (160) Location -9/Mines Parts ------- > --- POWER (1) -------- Light Deuterium Engine > --- PROPULSION (3) --- Light Treads Light Treads Light Treads > --- UTILITY (3) ------ Heat Sink Large Storage Unit Signal Interpreter > --- WEAPON (2) ------- Grenade Launcher > --- INVENTORY (15) --- Light Treads Compact Wheel Medium Storage Unit Huge Storage Unit Sensor Array Signal Interpreter Hacking Suite Assault Rifle Light Assault Rifle Rocket Launcher Mining Laser Katana Peak State ------------ > --- POWER ------------ Light Deuterium Engine > --- PROPULSION ------- Light Treads Light Treads Light Treads > --- UTILITY ---------- Heat Sink Large Storage Unit Signal Interpreter > --- WEAPON ----------- Heavy Assault Rifle Heavy Assault Rifle > --- INVENTORY -------- Light Deuterium Engine Light Treads Light Treads Compact Wheel Medium Storage Unit Huge Storage Unit Sensor Array Signal Interpreter Hacking Suite Assault Rifle Light Assault Rifle Grenade Launcher Mining Laser Katana [Rating: 15] Favorites ----------- Power Light Ion Engine Engine Light Ion Engine Propulsion Light Treads Treads Light Treads Leg Aluminum Leg Utility Signal Interpreter Device Heat Sink Storage Large Storage Unit Processor Signal Interpreter Protection Medium Armor Plating Weapon Heavy Assault Rifle Energy Gun Medium Laser Ballistic Gun Heavy Assault Rifle Launcher Grenade Launcher Slashing Weapon Katana Build | -11 -10 -10 -9 -9 ------- Run | Yrd Mat Min Mat Min Slots Evolved 2 | . . . 2 . Power . | . . . . . Propulsion 1 | . . . 1 . Utility 1 | . . . 1 . Weapon . | . . . . . Parts Attached 48 | . 17 3 23 5 Power 7 | . 2 1 3 1 Engine 7 | . 2 1 3 1 Core . | . . . . . Reactor . | . . . . . Propulsion 16 | . 5 . 10 1 Treads 16 | . 5 . 10 1 Leg . | . . . . . Wheel . | . . . . . Hover . | . . . . . Flight . | . . . . . Utility 10 | . 4 . 6 . Device 1 | . . . 1 . Storage 5 | . 2 . 3 . Processor 1 | . 1 . . . Hackware . | . . . . . Protection 3 | . 1 . 2 . Artifact . | . . . . . Weapon 15 | . 6 2 4 3 Energy Gun 2 | . 1 . 1 . Energy Cannon . | . . . . . Ballistic Gun 7 | . 3 1 2 1 Ballistic Cannon . | . . . . . Launcher 5 | . 2 1 . 2 Special Weapon . | . . . . . Impact Weapon . | . . . . . Slashing Weapon 1 | . . . 1 . Piercing Weapon . | . . . . . Special Melee Weapon . | . . . . . Unidentified Prototypes 1 | . . . 1 . Parts Lost 14 | . 2 . 8 4 Power 2 | . . . 1 1 Propulsion 4 | . . . 3 1 Utility 2 | . 1 . 1 . Weapon 6 | . 1 . 3 2 Highest Loss Streak 7 | . 2 . 7 2 To Critical Strikes . | . . . . . Average Slot Usage (%) 94 | . 96 100 95 84 Engine 11 | . 13 14 11 8 Treads 26 | . 19 28 31 26 Leg 2 | . 7 . . . Device 3 | . . . 3 11 Storage 12 | . 14 14 11 11 Processor 10 | . 7 14 11 11 Protection 3 | . 4 . 4 . Energy Gun 6 | . 14 14 1 . Ballistic Gun 15 | . 12 14 17 15 Slashing Weapon 1 | . . . 3 . Peak Build Rating 15 | 6 8 8 15 15 Average Rating 10 | 6 6 7 13 11 On Entrance 8 | 6 6 8 8 15 Naked Turns . | . . . . . Heaviest Build 86 | 12 86 26 36 32 Greatest Support 60 | 20 40 40 60 60 Greatest Overweight (x) 2 | . 2 . . . Average Overweight (x) . | . . . . . Largest Inventory Capacity 25 | 8 25 15 25 15 Average Capacity 13 | 8 10 15 15 15 Most Carried 15 | 6 11 11 15 15 Average Carried 11 | 6 7 11 12 14 Final Capacity 15 | 8 15 15 15 15 Final Carried 15 | 6 11 11 15 12 Class Distribution -------------------- 55% | Scavenger-Mutant 44% | Mutant Dominant Class ---------------- Mutant | -10/Materials Mutant | -10/Mines Scavenger-Mutant | -9/Materials Scavenger-Mutant | -9/Mines Resources | -11 -10 -10 -9 -9 ----------- Run | Yrd Mat Min Mat Min Matter Collected 1338 | 200 426 61 518 133 Remotely . | . . . . . Salvage Created 2237 | 102 879 76 1028 152 Parts 149 | 2 60 8 70 9 Haulers Intercepted 4 | . 2 . 2 . Recyclers Shooed 6 | . 3 2 1 . Parts Field Recycled . | . . . . . Retrieved Matter . | . . . . . Parts Self-Destructed . | . . . . . Prevented . | . . . . . Kills | -11 -10 -10 -9 -9 ------- Run | Yrd Mat Min Mat Min Combat Hostiles Destroyed 45 | . 18 3 18 6 Melee 1 | . . . 1 . Guns 32 | . 12 . 17 3 AOE 12 | . 6 3 . 3 Classes Destroyed 12 | 2 6 . 3 1 Worker 6 | . 3 . 2 1 Builder 4 | . 2 . 2 . Tunneler 2 | 1 . . 1 . Hauler 4 | . 2 . 2 . Recycler 4 | 1 2 1 . . Operator 2 | . . . 2 . Watcher 7 | . 3 . 4 . Swarmer 16 | . 6 3 4 3 Grunt 20 | . 12 . 6 2 Brawler 1 | . . . . 1 Duelist 2 | . . . 2 . Sentry 6 | . . . 6 . Best Kill Streak 8 | 2 8 3 7 3 Combat Bots Only 4 | . 4 3 3 3 Max Kills in Single Turn 2 | 1 2 2 2 2 Gunslinging . | . . . . . Exploded 2 | . 1 2 . 2 Melee 1 | . . . 1 . Uniques/NPCs Destroyed . | . . . . . Combat | -11 -10 -10 -9 -9 -------- Run | Yrd Mat Min Mat Min Hostile Shots Fired 336 | . 96 15 165 60 Missed 96 | . 34 3 42 17 Damage Taken 3057 | . 741 99 1687 530 Core 581 | . 177 . 261 143 Absorbed by Shields . | . . . . . Redirected to Shielding 20 | . 20 . . . Core Remaining (%) 64 | 100 . 29 . . Volleys Fired 236 | 5 84 9 117 21 Largest 2 | 2 2 2 2 2 Hottest 100 | 100 100 70 70 46 Shots Fired 390 | 10 155 16 178 31 Gun 371 | 10 142 14 178 27 Cannon . | . . . . . Launcher 19 | . 13 2 . 4 Special . | . . . . . Kinetic 256 | . 65 7 157 27 Thermal 115 | 10 77 7 21 . Explosive 19 | . 13 2 . 4 Electromagnetic . | . . . . . Robot Hit Streak 11 | 3 10 5 11 5 Robot Miss Streak 4 | 1 4 2 3 4 Penetration Max . | . . . . . Secondary Targets 5 | . 3 . 2 . Max Gunslinging Chain 1 | . 1 . 1 . Shots Hit Robots 219 | 5 81 6 108 19 Core Hits 118 | 3 49 7 49 10 Critical Kills . | . . . . . Critical Parts Destroyed 1 | . . . 1 . Critical Strikes 8 | . 5 1 2 . Burn 6 | . 5 1 . . Destroy 1 | . . . 1 . Sever 1 | . . . 1 . Melee Attacks 6 | . . . 6 . Impact . | . . . . . Slashing 6 | . . . 6 . Piercing . | . . . . . Sneak Attacks . | . . . . . Combat Hostiles . | . . . . . Follow-up Attacks . | . . . . . Damage Inflicted 3963 | 65 1623 163 1667 445 Guns 2779 | 65 867 60 1562 225 Cannons . | . . . . . Explosions 1075 | . 756 103 . 216 Melee 104 | . . . 104 . Ramming 5 | . . . 1 4 Kinetic 1961 | . 305 22 1409 225 Thermal 818 | 65 562 38 153 . Explosive 1075 | . 756 103 . 216 Electromagnetic . | . . . . . Impact . | . . . . . Slashing 104 | . . . 104 . Piercing . | . . . . . Highest Corruption 1 | . 1 1 . . Average Corruption 1 | . 1 1 . . Corruption Purged . | . . . . . Corruption Blocked . | . . . . . Effects 8 | . 4 4 . . Message Errors 3 | . 2 1 . . Matter Fused 3 | . 1 2 . . Energy Discharges 2 | . 1 1 . . Overload Shots . | . . . . . Overflow Damage 24 | . 24 . . . Projectiles . | . . . . . Explosions 24 | . 24 . . . Melee . | . . . . . Knockbacks . | . . . . . Impact . | . . . . . Kinetic . | . . . . . Secondary . | . . . . . Self-Inflicted Damage 182 | . 83 . . 99 Shots 7 | . 3 . . 4 Rammed 2 | . . . 1 1 Targets Rammed 2 | . . . 1 1 Kicked . | . . . . . Crushed . | . . . . . Highest Temperature 320 | 139 320 90 105 . Average Temperature 85 | 72 105 43 30 . Received Heat Transfer 897 | . 249 . 528 120 Siege Activations . | . . . . . Robots Corrupted . | . . . . . Combat Hostiles . | . . . . . Parts Fried . | . . . . . Impact Corruptions . | . . . . . Robots Melted . | . . . . . Combat Hostiles . | . . . . . Parts Melted 5 | 1 4 . . . Heat Transferred 2826 | 185 2035 185 421 . Parts Sabotaged . | . . . . . Parts Stolen . | . . . . . Parts Stripped . | . . . . . Power Chain Reactions . | . . . . . Alert | -11 -10 -10 -9 -9 ------- Run | Yrd Mat Min Mat Min Peak Influence 465 | 10 355 168 465 297 Initial 158 | . 6 79 65 158 Average 209 | 6 189 114 266 197 Maximum Alert Level 2 | . 1 . 2 1 Low Security (%) 46 | 100 49 100 31 39 Level 1 47 | . 50 . 53 60 Level 2 5 | . . . 14 . Level 3 . | . . . . . Level 4 . | . . . . . Level 5 . | . . . . . High Security . | . . . . . Max Security . | . . . . . Squads Dispatched 7 | . 3 . 4 . Investigation 3 | . 3 . . . Extermination . | . . . . . Reinforcement 4 | . . . 4 . Assault . | . . . . . Garrison . | . . . . . Intercept . | . . . . . Searches Triggered . | . . . . . Construction Impeded 2 | . . . 2 . Haulers Reinforced . | . . . . . Active Scanning Responses . | . . . . . Cargo Convoy Interrupts . | . . . . . Stealth | -11 -10 -10 -9 -9 --------- Run | Yrd Mat Min Mat Min Distress Signals 5 | . 1 . 4 . Communications Jammed . | . . . . . Distress Signals . | . . . . . Times Spotted 67 | . 23 3 31 10 Peak Tracking Total 5 | . 4 3 5 3 Tactical Retreats 3 | . . . 2 1 Traps | -11 -10 -10 -9 -9 ------- Run | Yrd Mat Min Mat Min Traps Triggered 4 | . 4 . . . Indirectly . | . . . . . Trap Hack Attempts . | . . . . . Triggered . | . . . . . Disarmed . | . . . . . Reprogrammed . | . . . . . Reused . | . . . . . Traps Extracted . | . . . . . Installed . | . . . . . Triggered . | . . . . . Machines | -11 -10 -10 -9 -9 ---------- Run | Yrd Mat Min Mat Min Machines Disabled 1 | . . . 1 . Max in Single Turn 1 | . . . 1 . Machines Repaired . | . . . . . Machines Dismantled . | . . . . . Machines Sabotaged . | . . . . . Overloaded Fab Kills . | . . . . . Hacking | -11 -10 -10 -9 -9 --------- Run | Yrd Mat Min Mat Min Machines Accessed 7 | . 5 . 2 . Terminals 6 | . 4 . 2 . Fabricators . | . . . . . Repair Stations . | . . . . . Recycling Units 1 | . 1 . . . Scanalyzers . | . . . . . Garrison Access . | . . . . . Total Hacks 15 | . 10 . 5 . Successful 4 | . 2 . 2 . Failed 11 | . 8 . 3 . Catastrophic 2 | . 1 . 1 . Database Lockouts . | . . . . . Manual 12 | . 7 . 5 . Terminals 14 | . 9 . 5 . Fabricators . | . . . . . Repair Stations . | . . . . . Recycling Units 1 | . 1 . . . Scanalyzers . | . . . . . Garrison Access . | . . . . . Terminal Hacks 2 | . . . 2 . Robot Analysis 1 | . . . 1 . Branch Access Points 1 | . . . 1 . Fabricator Hacks . | . . . . . Repair Station Hacks . | . . . . . Recycling Unit Hacks 1 | . 1 . . . Retrieve Components 1 | . 1 . . . Scanalyzer . | . . . . . Garrison Access Hacks . | . . . . . Unauthorized Hacks 1 | . 1 . . . Terminals 1 | . 1 . . . Botnet 1 | . 1 . . . Fabricators . | . . . . . Repair Stations . | . . . . . Recycling Units . | . . . . . Scanalyzers . | . . . . . Garrison Access . | . . . . . Data Cores Recovered . | . . . . . Used . | . . . . . Hacking Detections 7 | . 5 . 2 . Full Trace Events . | . . . . . Feedback Events . | . . . . . Feedback Blocked . | . . . . . Robot Schematics Acquired . | . . . . . Robots Built . | . . . . . Authchips . | . . . . . Time . | . . . . . Total Robot Build Rating . | . . . . . Part Schematics Acquired . | . . . . . Parts Built . | . . . . . Authchips . | . . . . . Time . | . . . . . Total Part Build Rating . | . . . . . Parts Repaired . | . . . . . Time . | . . . . . Parts Recycled . | . . . . . Recycled Matter . | . . . . . Retrieved Matter . | . . . . . Retrieved Components 1 | . 1 . . . Parts Scanalyzed . | . . . . . Part Schematics Acquired . | . . . . . Parts Damaged . | . . . . . Bothacking | -11 -10 -10 -9 -9 ------------ Run | Yrd Mat Min Mat Min Used RIF Installer . | . . . . . Robots Hacked . | . . . . . Non-combat . | . . . . . Combat . | . . . . . Robot Hacks Applied . | . . . . . Relay Couplers Released . | . . . . . Fabnet Peak Effective % . | . . . . . Robots Rewired . | . . . . . Allies Hacked . | . . . . . Hacks Repelled . | . . . . . Allies | -11 -10 -10 -9 -9 -------- Run | Yrd Mat Min Mat Min Total Allies 3 | . . . . 3 Largest Group 3 | . . . . 3 Highest-Rated Group 40 | . . . . 40 Highest-Rated Ally 16 | . . . . 16 Total Orders . | . . . . . Ally Attacks 11 | . . . . 11 Total Damage 152 | . . . . 152 Kills 2 | . . . . 2 Allies Corrupted . | . . . . . Allies Melted . | . . . . . Intel | -11 -10 -10 -9 -9 ------- Run | Yrd Mat Min Mat Min Robot Analysis Total 1 | . . . 1 . Derelict Logs Recovered 2 | . . 1 . 1 Drone Launches . | . . . . . Drone Recoveries . | . . . . . Exploration | -11 -10 -10 -9 -9 ------------- Run | Yrd Mat Min Mat Min Turns Passed 3057 | 43 942 298 1135 639 Spaces Moved 1479 | 24 441 169 485 360 Core . | . . . . . Treads 1304 | . 290 169 485 360 Legs 175 | 24 151 . . . Wheels . | . . . . . Hover . | . . . . . Flight . | . . . . . Fastest Speed 120 | 120 120 160 160 160 Average Speed 157 | 120 153 160 160 160 Slowest Speed 320 | 120 320 160 160 160 Overloaded Moves . | . . . . . Propulsion Burnouts . | . . . . . Robots Hopped . | . . . . . Cave-ins Triggered . | . . . . . Exploration Rate (%) 45 | 3 72 30 53 67 Regions Visited 4 Branch Regions 2 Pre-discovered Areas . | . . . . . Known Exits Taken 3 | . 1 1 1 . Unknown Exits Taken 1 | 1 . . . . Scrap Searched . | . . . . . Spaces Dug 1 | . . . 1 . Terrain Destroyed 129 | . 79 18 1 31 Melee 1 | . . . 1 . Projectile . | . . . . . AOE 128 | . 79 18 . 31 Terrain Rammed . | . . . . . Walls Destroyed . | . . . . . Machines Disabled . | . . . . . Actions | -11 -10 -10 -9 -9 --------- Run | Yrd Mat Min Mat Min Total 1823 | 28 564 181 660 390 Wait 12 | . 4 . 5 3 Move 1475 | 23 440 168 484 360 Hop . | . . . . . Pick Up 21 | . 8 . 13 . Fast Attach 21 | . 9 1 11 . Attach 12 | . 2 . 7 3 Detach 2 | . 1 . 1 . Swap 15 | . 6 2 5 2 Drop 21 | . 10 1 10 . Fire 236 | 5 84 9 117 21 Melee 6 | . . . 6 . Ram . | . . . . . Kick . | . . . . . Crush 2 | . . . 1 1 Escape Stasis . | . . . . . Rewire . | . . . . . Trap . | . . . . . Miscellaneous . | . . . . . Route ------- -11/Scrapyard -10/Materials (discovered 2 exits: *Mat / *Min) -10/Mines (discovered 2 exits: *Mat x2) -9/Materials (discovered 2 exits: *Mat / *Min) -9/Mines (discovered 3 exits: *Mat x2 / *Zio) History --------- Turn | Location | Event 1 | -11/Scrapyard | Discovered new exit (range 3) 44 | -11/Scrapyard | Entered Materials 221 | -10/Materials | Discovered new exit (range 10) 332 | -10/Materials | Build established: Mutant 568 | -10/Materials | Core integrity fell below 50% 835 | -10/Materials | Discovered new exit (range 8) 880 | -10/Materials | Identified exit to Mines 986 | -10/Materials | Entered Mines 1039 | -10/Mines | Discovered new exit (range 10) 1047 | -10/Mines | Met a Derelict bent on vengeance 1052 | -10/Mines | Identified exit to Materials 1284 | -10/Mines | Entered Materials 1284 | -9/Materials | Evolved 2 slots: Propulsion x1, Utility x1 1492 | -9/Materials | Lost 7 parts (1p3n3w) 1598 | -9/Materials | Identified exit to Mines 1789 | -9/Materials | Build established: Scavenger-Mutant 1978 | -9/Materials | Discovered new exit (range 16) 1994 | -9/Materials | Core integrity fell below 50% 2419 | -9/Materials | Entered Mines 2435 | -9/Mines | Core integrity fell below 20% 2496 | -9/Mines | Discovered new exit (range 12) 2522 | -9/Mines | Identified exit to Materials 2577 | -9/Mines | Found a hidden stash of uninstalled traps 2598 | -9/Mines | Discovered exit to Materials (range 9) 2755 | -9/Mines | A Derelict revealed a hidden shortcut to a safe place 2757 | -9/Mines | Identified exit to Zion 2972 | -9/Mines | Assisted by bots powering up and referring to "LRC-V3" 2984 | -9/Mines | Learned Materials emergency access door positions 3037 | -9/Mines | Lost 3 allies 3058 | -9/Mines | Destroyed by G-34 Mercenary with Small Laser Last Messages --------------- 02699_ Hvy. Assault Rifle destroyed. 02701_ S-10 Pest destroyed. 02704_ Lgt. Treads destroyed. 02709_ S-10 Pest destroyed. 02711_ Acquired 29 matter. 02714_ Acquired 15 matter. 02755_ A derelict emerges from the shadows: "It's not safe here! Let me show you to a place where you won't have to worry about staying in one piece!" LQ-XET(z) disappears into a concealed tunnel. 02757_ EXIT=IDENTIFIED: ZION 02884_ R-06 Scavenger collects Lgt. Ion Engine. 02888_ R-06 Scavenger collects Lgt. Assault Rifle. 02972_ Trooper 2a: "Hello LRC-V3. What is your command?" 02972_ Mercenary 2a: "Hello LRC-V3. What is your command?" 02972_ Trooper 2b: "Hello LRC-V3. What is your command?" 02984_ Acquired derelict log, extracted data. Data stored: Materials emergency access points. 03050_ Hvy. Assault Rifle destroyed. Map ----- +----------------------------------------------------+ | ????#### ## #??????????????????# | | ??# $#??????????????????# | | ??# ## #??????????????????# | | ??# """## #??????????????????## | | ??# """## #???????????????????## | | ??# """## #????????????????????### | | ??# ## #??????????????????????# | | ??######### #??????????????????????? | | ??????????# #??????????????????????? | | ??????????# #??????????????????????? | | ?????????## ##?????????????????????? | | ????????## ##????????????????????? | | ????????# #????????????????????? | | ???????## ####?????????????????? | | ??????## #?????????????????? | | ??????# #?????????????????? | | ??????# ##### #?????????????????? | | ??????#####???# #############?????? | | ??????????????# ??? | | ??????????????# "???? | | ??????????????#### ###### ##???????? | | ?????????????????# #???????????????? | | ?????????????#### #???????????????? | | ???????????## #???????????????? | | ?????####### ##???????????????? | | ?????# @ g #????????????????? | | ?????# ###### #???????????????? | | ????????????? #???????????????? | | ?????????????# #####???????????????? | | ?????????????# #???????????????????? | | ?????????????# #???????????????????? | | ?????????????# ???????????????????? | | ?????????????###???????????????????? | | ???????????????????????????????????? | | ???????????????????????????????????? | | ???????????????????????????????????? | | ???????????????????????????????????? | | ???????????????????????????????????? | | ???????????????????????????????????? | | ???????????????????????????????????? | | ???????????????????????????????????? | | ???????????????????????????????????? | | ???????????????????????????????????? | | ???????????????????????????????????? | | ???????????????????????????????????? | | ???????????????????????????????????? | | ???????????????????????????????????? | | ???????????????????????????????????? | | ???????????????????????????????????? | | ???????????????????????????????????? | +----------------------------------------------------+ Best States ------------- Heat Dissipation 38 Energy Generation 14 Energy Capacity 280 Matter Stores 300 Matter Capacity 300 Sight Range 16 Terrain Scan Density 10 Armor Coverage 225 Propulsion Shielding 33 Evasion (%) 55 Recoil Reduction 3 Item Schematics ----------------- None Robot Schematics ------------------ None Fabricated ------------ Nothing Alien Tech Used ----------------- None Achievements -------------- None Challenges ------------ None Game ------ Seed ExpertEtherialBuckler Manual? 0 Play Time 00:26:45 Cumulative 254.9 hours Start 2024.08.30 @ 19:56:55 End 2024.08.30 @ 20:21:14 Sessions 1 Manual Loads 0 Difficulty Rogue Special Mode None Game No. 145 Rogue 145 Adventurer 0 Explorer 0 Win Type - Total 7 Types 4/1/2/0/0/0/0/0/0 Lore% 43 Gallery% 56 Achievement% 55 Wizard Run 0 Options --------- Layout 1 ASCII 0 Keyboard 0 Movement Mouse Keybinds 0 Fullscreen 1 Font 20/SmallcapsGlow Map View 58x39 Zoom Use 7% Tactical HUD 1 Map Filters NONE Filters NONE Steam 1 RUN: d339eee6-2b72-4227-b43f-c980bbd4961b